 Dungeon Crawl Stone Soup version 0.29-a0-356-g7bc237e783 (webtiles) character file.

Game seed: 10155774001140469518

1985 HendSelp the Basher (level 9, -1/55 HPs)
             Began as a Gargoyle Gladiator on Apr 26, 2022.
             Slain by a raiju (2 damage)
             ... on level 1 of the Abyss.
             The game lasted 00:07:15 (6606 turns).

HendSelp the Basher (Gargoyle Gladiator)            Turns: 6606, Time: 00:07:16

Health: -1/55      AC: 14    Str: 22    XL:     9   Next: 21%
Magic:  9/9        EV: 12    Int:  9    God:
Gold:   1146       SH:  0    Dex: 11    Spells: 8/8 levels left

rFire   . . .      SeeInvis .   x - +2 flail (holy)
rCold   . . .      Faith    .   (no shield)
rNeg    + + .      Spirit   .   b - +0 leather armour
rPois   ∞          Reflect  .   c - +0 helmet
rElec   +          Harm     .   j - +1 cloak
rCorr   +          Rampage  .   h - +0 pair of gloves
Will    .....                   (no boots)
Stlth   +.........              u - amulet of magic regeneration
HPRegen 0.18/turn               p - ring of resist corrosion
MPRegen 0.51/turn               r - ring of positive energy

@: invisible
A: sickness immunity, AC +6, negative energy resistance 1, electricity
resistance, torment resistance 1, petrification resistance
a: no special abilities


You were on level 1 of the Abyss.
You visited 1 branch of the dungeon, and saw 6 of its levels.
You visited the Abyss 1 time.

You collected 1146 gold pieces.

Inventory:

Hand Weapons
 x - a +2 flail of holy wrath (weapon)
Missiles
 e - a javelin (quivered)
 f - 5 throwing nets
Armour
 b - a +0 leather armour (worn)
 c - a +0 helmet (worn)
 h - a +0 pair of gloves (worn)
 j - a +1 cloak (worn)
Jewellery
 p - a ring of resist corrosion (left hand)
 r - a ring of positive energy (right hand)
 u - an amulet of magic regeneration (around neck)
Scrolls
 k - 2 scrolls of teleportation
 n - a scroll of amnesia
 v - a scroll of silence
Potions
 a - a potion of magic {unknown}
 i - a potion of resistance {unknown}
 m - a potion of attraction
 s - 2 potions of degeneration {unknown}
 t - a potion of invisibility
 w - a potion of mutation {unknown}


   Skills:
 * Level 6.3 Fighting
 * Level 9.9 Maces & Flails
 - Level 1.7 Throwing
 * Level 4.8 Armour
 - Level 2.4 Dodging


You had 8 spell levels left.
You didn't know any spells.
Your spell library contained the following spells:

 Spells                   Type           Power      Damage    Failure   Level
 Ensorcelled Hibernation  Hex/Ice        0%         N/A       56%         2
 Spider Form              Tmut/Pois      0%         N/A       80%         3
 Anguish                  Hex/Necr       0%         N/A       99%         4


Dungeon Overview and Level Annotations

Branches:
Dungeon (6/15)
 Temple: D:4-7

Altars:
Cheibriados
Fedhas
Kikubaaqudgha

Shops:
D:2 !   D:4 :([   D:6 [


Innate Abilities, Weirdness & Mutations

You are immune to sickness and miasma.
Your stone body is resilient. (AC +6)
You are immune to poison.
You resist negative energy. (rN+)
You are resistant to electric shocks. (rElec)
You are resistant to unholy torment.
You are immune to petrification.


Message History

The raiju bursts into living lightning!
The living lightning hits you. You resist.
* * * LOW HITPOINT WARNING * * *
The raiju blinks!
The raiju closely misses you.
Unknown command.
You sock the raiju!
The raiju is heavily wounded.
The raiju bursts into living lightning!
The living lightning hits you. You resist.
* * * LOW HITPOINT WARNING * * *
The raiju blinks!
The raiju bites you!
* * * LOW HITPOINT WARNING * * *
The raiju shocks you. You resist.
* * * LOW HITPOINT WARNING * * *
Unknown command.
Unknown command.
Unknown command.
Unknown command.
Unknown command.
Unknown command.
Unknown command.
You barely miss the raiju.
The raiju is heavily wounded.
Unknown command.
Unknown command.
Unknown command.
Unknown command.
Unknown command.
Unknown command.
Unknown command.
Unknown command.
You sock the raiju!
The raiju is almost dead.
The raiju closely misses you. The raiju misses you.
You closely miss the raiju.
The raiju is almost dead.
The raiju misses you. The raiju bites you.
* * * LOW HITPOINT WARNING * * *
The raiju shocks you. You resist.
You die...

........ .. ...
#..## #..##.
##..## .#..###
..# ..##..## #.#
.. ...##.. #..
## .##. ..... ..
. .. #.#...#....
.......
#..#..#.....##..
. ##.
#....#....##.##
# #
.##@h.........
#.h###..... #
#..#. .#..## #..
## ## # #### # #


You could see 2 raiju.

Vanquished Creatures
  A raiju (Abyss:1)
  A hornet (D:5)
  3 water moccasins (D:6)
  2 black bears (D:5)
  An ogre (D:6)
  A centaur (D:6)
  A phantom (D:5)
  A bullfrog (D:6)
  A necrophage (D:4)
  3 gnoll sergeants (D:6)
  A scorpion (D:5)
  A howler monkey (D:4)
  3 gnoll shamans (D:6)
  3 hounds
  2 jellies
  2 iguanas (D:5)
  22 gnolls (D:6)
  5 adders
  A shadow imp (D:6)
  3 worms
  A dart slug (D:3)
  12 orcs
  12 ball pythons
  7 bats
  3 endoplasms
  2 giant cockroaches
  3 goblins
  6 hobgoblins
  8 jackals
  5 quokkas
  3 frilled lizards
  4 kobolds
  2 rats
126 creatures vanquished.

Vanquished Creatures (others)
  A plant (D:3)
1 creature vanquished.

Grand Total: 127 creatures vanquished

Notes
Turn   | Place    | Note
-------+----------+-------------------------------------------
     0 | D:1      | HendSelp the Gargoyle Gladiator began the quest for the
                  | Orb.
     0 | D:1      | Reached XP level 1. HP: 12/12 MP: 1/1
   189 | D:1      | You fall into a shaft and drop 1 floor!
   230 | D:2      | Reached XP level 2. HP: 17/17 MP: 2/2
   448 | D:2      | Reached skill level 1 in Armour
   587 | D:2      | Reached XP level 3. HP: 22/22 MP: 3/3
   589 | D:1      | Found a faded altar of an unknown god.
   783 | D:2      | Found Dicsugorch's Distillery.
  1015 | D:1      | Reached skill level 4 in Maces & Flails
  1272 | D:2      | Reached XP level 4. HP: 8/27 MP: 4/4
  1530 | D:2      | Identified the +6 whip of Cowardice {chaos, rC- Dex+3
                  | Stlth+}
  1685 | D:3      | Found a snail-covered altar of Cheibriados.
  2052 | D:3      | Reached XP level 5. HP: 32/32 MP: 5/5
  2373 | D:4      | Found Fiunajola's Antique Weapon Emporium.
  2555 | D:4      | Found Meosysec's Book Shoppe.
  2633 | D:4      | Reached skill level 5 in Maces & Flails
  2655 | D:4      | Reached XP level 6. HP: 14/37 MP: 6/6
  2847 | D:4      | Found Ycant's Armour Shop.
  2990 | D:4      | Identified a scroll of acquirement
  2990 | D:4      | Acquired 856 gold pieces
  3049 | D:5      | Entered Level 5 of the Dungeon
  3253 | D:5      | Found a blossoming altar of Fedhas.
  3657 | D:5      | Reached skill level 6 in Maces & Flails
  3730 | D:5      | Noticed a black bear
  3735 | D:5      | Killed a black bear
  3736 | D:5      | Reached XP level 7. HP: 40/42 MP: 7/7
  4004 | D:5      | Reached skill level 7 in Maces & Flails
  4253 | D:6      | Reached XP level 8. HP: 25/48 MP: 8/8
  4265 | D:6      | Noticed a hornet
  4696 | D:5      | Killed a hornet
  4697 | D:5      | Reached skill level 8 in Maces & Flails
  4832 | D:6      | Reached skill level 5 in Fighting
  5566 | D:6      | Reached skill level 9 in Maces & Flails
  6150 | D:6      | Reached XP level 9. HP: 49/55 MP: 9/9
  6187 | D:6      | Found an ancient bone altar of Kikubaaqudgha.
  6236 | D:6      | Found Maw Com's Armour Boutique.
  6518 | D:6      | Cast into level 1 of the Abyss (gnoll)
  6603 | Abyss:1  | HP: 2/55 [raiju (2)]
  6606 | Abyss:1  | Slain by a raiju

Illustrated notes

Levels and vault maps discovered:
D:1:      lemuel_arrival_behind_the_door_large, layout_rooms,
          basic_ecumenical_altar, minmay_misc_feat_alley, lemuel_old_faithful
D:2:      layout_rooms, serial_shops, shop_fountains,
          wad_floor_pattern_untrapped, minmay_tetromino_s4
D:3:      layout_basic, lemuel_tele_altar, serial_forest,
          infiniplex_forest_clump_C, infiniplex_forest_clump_small,
          infiniplex_forest_clump_cross, infiniplex_forest_lined_room_2,
          infiniplex_forest_end_1
D:4:      layout_gridville, serial_shops, shop, nicolae_shop_crystal,
          nicolae_shop_stone
D:5:      layout_loops_corners, fedhas_altar_1
D:6:      layout_cave_pools, old_standard_altar, minmay_temple_entry_wispy,
          serial_gnoll_camp, gnoll_camp_mini_shop, gnoll_camp_huts_basic,
          gnoll_camp_medium_02, gnoll_camp_mini_sergeant,
          gnoll_camp_mini_doghouse, gnoll_camp_mini_doghouse, grunt_decor_cap
Abyss:1:  base:
D:6

Skill      XL: |  1  2  3  4  5  6  7  8  9 |
---------------+----------------------------+-----
Armour         | 1 2 3 4 |  4.8
Maces & Flails | 4 5 6 7 9 |  9.9
Fighting       | 3 4 5 6 |  6.3
Throwing       | |  1.7
Dodging        | |  2.4

Action                   |  1- 3 |  4- 6 |  7- 9 || total
-------------------------+-------+-------+-------++-------
Melee: Flail             |    81 |   191 |   283 ||   555
       Punch             |       |     1 |     1 ||     2
Throw: Throwing net      |     1 |       |     3 ||     4
  Use: Scroll            |     7 |     9 |     4 ||    20
       Potion            |       |     1 |     8 ||     9
Armor: Leather armour    |    61 |    99 |   191 ||   351
Dodge: Dodged            |    89 |   138 |   276 ||   503

Table legend: (Time is in decaauts)
 A = Elapsed time spent in this place.
 B = Non-inter-level travel time spent in this place.
 C = Inter-level travel time spent in this place.
 D = Time resting spent in this place.
 E = Time spent auto-exploring this place.
 F = Levels seen in this place.
 G = Mean time per level.
                   A        B        C        D        E       F      G
               +--------+--------+--------+--------+--------+-----+--------+
         Total |   6660 |   6540 |    120 |   1170 |   4174 |   7 |  951.4 |
       Dungeon |   6575 |   6455 |    120 |   1170 |   4174 |   6 | 1095.8 |
         Abyss |     85 |     85 |      0 |      0 |      0 |   1 |   85.0 |
               +--------+--------+--------+--------+--------+-----+--------+

Top non-repeatable levels by time:
     D:5: 2298 daAuts
     D:6: 1188 daAuts
     D:2: 1011 daAuts
     D:3: 816 daAuts
     D:4: 682 daAuts
     D:1: 577 daAuts
 Abyss:1: 85 daAuts
